 Dungeon Crawl Stone Soup version 0.31-a0-233-g139696dc86 (webtiles) character file.

Game seed: 3470320919389820765

193974 Armakuni the Mender (level 18, -5/134 HPs)
             Began as a Human Wanderer on July 8, 2023.
             Was a Priest of Elyvilon.
             Slain by a tentacle (17 damage)
             ... attached to a kraken
             ... on level 1 of the Shoals.
             The game lasted 02:08:16 (44686 turns).

Armakuni the Mender (Human Wanderer)               Turns: 44686, Time: 02:08:16

Health: -5/134     AC: 18    Str: 27    XL:     18   Next: 98%
Magic:  27/29      EV: 19    Int: 14    God:    Elyvilon [***...]
Gold:   2785       SH:  5    Dex: 22    Spells: 13/21 levels left

rFire   + . .        a - +2 quarterstaff (spect)
rCold   + . .        (shield currently unavailable)
rNeg    . . .        W - +4 ring mail of the Beggar {rC+ Dex+4 SInv}
rPois   +            h - +2 hat
rElec   .            l - +0 cloak
rCorr   .            m - +0 pair of gloves
SInv    +            r - +1 pair of boots
Will    +....        H - amulet "Cotigh" {Reflect rF+ Dex+7 SH+5}
Stlth   +            V - +6 ring of strength
HPRegen 0.42/turn    P - ring of poison resistance
MPRegen 0.21/turn

%: reflection
@: no status effects
A: no striking features
}: 1/15 runes: serpentine
a: Renounce Religion, Purification, Heal Other, Heal Self


You were on level 1 of the Shoals.
You worshipped Elyvilon.
Elyvilon was most pleased with you.
You visited 6 branches of the dungeon, and saw 28 of its levels.
You also visited: Sewer, Bailey and Ice Cave.

You collected 4445 gold pieces.
You spent 1660 gold pieces at shops.

Inventory:

Hand Weapons
 a - a +2 spectral quarterstaff (weapon)
 b - a +1 flail of venom
 q - a +0 lajatang of flaming
Missiles
 f - 18 boomerangs (quivered)
 s - a throwing net
 y - 4 javelins
 D - 3 curare-tipped darts
 K - 8 datura-tipped darts
Armour
 h - a +2 hat (worn)
 l - a +0 cloak (worn)
 m - a +0 pair of gloves (worn)
 r - a +1 pair of boots (worn)
 W - the +4 ring mail of the Beggar (worn) {rC+ Dex+4 SInv}
   (You found it on level 13 of the Dungeon)

   Dex:       It affects your dexterity (+4).
   rC:        It protects you from cold.
   SInv:      It lets you see invisible.
Jewellery
 d - a ring of flight
 F - a ring of protection from fire
 H - the amulet "Cotigh" (around neck) {Reflect rF+ Dex+7 SH+5}
   (You bought it in a shop on level 2 of the Orcish Mines)

   [amulet of reflection]

   It reflects blocked missile attacks.
   Dex:       It affects your dexterity (+7).
   rF:        It protects you from fire.
   SH:        It affects your SH (+5).
 I - a +6 ring of intelligence
 P - a ring of poison resistance (right hand)
 V - a +6 ring of strength (left hand)
Wands
 p - a wand of polymorph (13)
 t - a wand of charming (16)
 M - a wand of iceblast (2)
 T - a wand of quicksilver (4)
 U - a wand of flame (8)
Scrolls
 c - 4 scrolls of immolation
 o - 4 scrolls of enchant armour
 z - 2 scrolls of identify
 A - 5 scrolls of fog
 C - 3 scrolls of noise
 L - 2 scrolls of amnesia
 N - 3 scrolls of vulnerability
 O - 2 scrolls of silence
 Q - a scroll of fear
 Y - a scroll of revelation
Potions
 e - a potion of ambrosia
 g - 3 potions of magic
 j - a potion of might
 k - 3 potions of enlightenment
 n - 2 potions of brilliance
 u - 4 potions of heal wounds
 v - 9 potions of mutation
 w - 10 potions of curing
 B - 2 potions of haste
 E - 2 potions of cancellation
 G - 6 potions of lignification
 J - 2 potions of resistance
Miscellaneous
 i - a phantom mirror (inert)
 x - a piece from Xom's chessboard (15/15)


   Skills:
 + Level 10.0 Fighting
 - Level 14.0(15.4) Maces & Flails
 - Level 11.0(14.0) Staves
 - Level 15.0 Throwing
 - Level 10.0 Armour
 - Level 10.0 Dodging
 - Level 4.0 Unarmed Combat
 - Level 2.0 Spellcasting
 - Level 3.0 Necromancy
 - Level 10.0 Translocations
 - Level 15.0 Invocations
 - Level 1.0 Evocations


You had 13 spell levels left.
You knew the following spells:

 Your Spells              Type           Power      Damage    Failure   Level
a - Wereblood             Tmut           1%         N/A       43%         2
b - Blink                 Tloc           58%        N/A       1%          2
l - Lesser Beckoning      Tloc           58%        N/A       1%          2
z - Searing Ray           Conj           2%         2d4       43%         2

Your spell library contained the following spells:

 Spells                   Type           Power      Damage    Failure   Level
 Gell's Gravitas          Tloc           29%        N/A       1%          3
 Teleport Other           Tloc           29%        N/A       1%          3
 Momentum Strike          Conj/Tloc      30%        3d8       6%          2
 Necrotise                Necr           36%        1d5       10%         1
 Vampiric Draining        Necr           9%         2d6       28%         3
 Beastly Appendage        Tmut           2%         N/A       32%         1
 Magic Dart               Conj           4%         1d3       32%         1
 Ensorcelled Hibernation  Hex/Ice        2%         N/A       43%         2
 Passwall                 Tmut/Erth      0%         N/A       43%         2
 Poisonous Vapours        Pois/Air       2%         N/A       43%         2
 Dispersal                Tloc           14%        N/A       63%         6
 Mephitic Cloud           Conj/Pois/Air  1%         N/A       67%         3
 Spider Form              Tmut/Pois      1%         N/A       67%         3
 Swiftness                Air            1%         N/A       67%         3
 Fulminant Prism          Conj/Hex       0%         3d5       97%         4
 Freezing Cloud           Conj/Ice/Air   0%         6-21      100%        5


Dungeon Overview and Level Annotations

Branches:
Dungeon (15/15)            Temple (1/1) D:4            Lair (5/5) D:10
 Shoals (1/4) Lair:2        Snake (4/4) Lair:3        Slime (0/5) Lair:4
    Orc (2/2) D:9             Elf (0/3) Orc:2        Vaults (0/5) D:13
 Depths (0/4) D:15          Sewer (visited)          Bailey (visited)
  IceCv (visited)

Altars:
Ashenzari
Cheibriados
Dithmenos
Elyvilon
Fedhas
Gozag
Hepliaklqana
Kikubaaqudgha
Makhleb
Nemelex Xobeh
Okawaru
Qazlal
Ru
Sif Muna
Trog
Uskayaw
Vehumet
Wu Jian
Xom
Yredelemnul
Zin
The Shining One
Jiyva

Shops:
D:10 (   Orc:1 !   Orc:2 (=[(   Snake:4 [

Portals:
Trove: D:12 (give 7 scrolls of fog)

Annotations:
D:13 2 transporters, exclusion: orange crystal statue, Papox's ghost, journeyman DsEE
Lair:4 2 transporters, sanka's ghost, journeyman DgCj
Snake:1 1 runed translucent door, tobedeleted's ghost, adept MiFi
Snake:2 2 transporters, t4s4d4r's ghost, adept DEEE
Snake:4 3 runed translucent doors, Unotosimoa's ghost, adept GrFi; initializr's ghost, adept DrIE
Orc:1 1 runed translucent door


Message History

The tentacle completely misses you. You block the tentacle's attack.
Throw: 18 boomerangs
Press: ? - help, Q - select action, (/) - cycle Shift-Dir - straight line, f - you Really target yourself?
Okay, then.
Unknown command.
Throw: 18 boomerangs
Press: ? - help, Q - select action, (/) - cycle Shift-Dir - straight line, f - you
Okay, then.
Tentacles burst out of the water!
The kraken squirts a massive cloud of ink into the water! 4 tentacles come into view.
The tentacle closely misses you.
A tentacle segment bursts forth from the water.
The tentacle slaps you but does no damage.
The tentacle misses you. The tentacle barely misses you.
The tentacle slaps you but does no damage.
The kraken squirts a massive cloud of ink into the water!
The tentacle slaps you.
* * * LOW HITPOINT WARNING * * *
The tentacle closely misses you. The tentacle slaps you.
* * * LOW HITPOINT WARNING * * *
The tentacle slaps you but does no damage.
The tentacle slaps you.
* * * LOW HITPOINT WARNING * * *
The tentacle slaps you but does no damage.
The tentacle slaps you!
* * * LOW HITPOINT WARNING * * *
You are healed.
The tentacle misses you.
A tentacle segment bursts forth from the water.
The tentacle closely misses you.
A tentacle segment bursts forth from the water.
The tentacle slaps you!!
* * * LOW HITPOINT WARNING * * *
The tentacle barely misses you.
The kraken squirts a massive cloud of ink into the water!
The tentacle slaps you but does no damage.
The kraken squirts a massive cloud of ink into the water!
The tentacle slaps you!
You die...

≈≈≈≈≈≈≈§§~~~......~≈≈≈≈≈≈≈≈≈≈
≈≈≈≈≈≈≈≈~§.......~~~~~≈≈≈≈≈≈≈
≈≈≈≈≈≈≈~~...##...~~.~~~~~≈≈≈≈
≈≈≈≈≈≈§§§§.###....~~~~.~~≈≈≈≈
≈≈≈≈≈§≈~§§§.......~~~~.~~~~≈~
≈≈≈≈≈§§§§....(.#..~~~~.~~~~~~
≈≈≈≈≈X§~~......##~~.....[~~~~
≈≈≈≈§§§§*\─w..###...####..~~~
≈≈§≈≈§§*\V─w@......## .~~~
≈≈§≈~§§.\\Λw....>..# #.~~
≈≈≈§~§§§§VVw##.~..## #.~~
≈≈§§§§~§...###....# ##~~
≈≈≈~~.............#########~~
≈≈~~..................##..~~
≈≈≈~~~~....................~
≈≈≈≈~~......#####...........
... #........)..


You could see a kraken and 4 tentacles.

Vanquished Creatures
  Gastronok (D:8)
  Agnes (Snake:1)
  Kirke (D:14)
  4 nagarajas (Snake:4)
  Aizul (Snake:1)
  Azrael (D:12)
  A merfolk impaler (Shoals:1)
  A fire dragon (Lair:5)
  An entropy weaver (shapeshifter) (D:15)
  2 salamander tyrants (Snake:4)
  Josephine (D:14)
  5 vault guards (D:13)
  A great orb of eyes (D:15)
  2 catoblepae
  2 ogre magi
  7 centaur warriors
  2 death knights
  A merfolk avatar (Shoals:1)
  13 anacondas
  5 two-headed ogres
  8 naga warriors
  3 orc high priests (Orc:2)
  3 tengu warriors
  8 naga sharpshooters
  4 shock serpents
  Nergalle (D:11)
  5 skeletal warriors
  5 salamander mystics
  2 sea snakes
  4 skysharks
  A deep troll (shapeshifter) (D:11)
  A swamp dragon (Lair:5)
  12 naga ritualists
  An obsidian statue (D:11)
  A necromancer (D:8)
  5 harpies (Shoals:1)
  6 orc knights
  4 orc sorcerers
  14 ugly things
  9 mana vipers
  2 wolf spiders (Lair:5)
  7 manticores
  14 salamanders
  An oklob plant (D:10)
  4 cyclopes
  3 fauns (Shoals:1)
  2 merfolk sirens
  11 elephants
  A water nymph (Shoals:1)
  44 black mambas
  3 guardian serpents
  16 naga magi
  2 gargoyles
  4 unseen horrors
  15 cane toads
  7 komodo dragons
  7 rime drakes (Lair:5)
  3 tengu conjurers
  A yaktaur (D:13)
  An anaconda simulacrum (IceCv)
  A freezing wraith (D:14)
  9 trolls
  2 guardian mummies (D:12)
  A polar bear (Lair:4)
  6 merfolk
  2 hornets
  Grinder (D:5)
  A snapping turtle (Shoals:1)
  5 blink frogs (Lair:2)
  11 slime creatures
  A centaur simulacrum (D:15)
  A vampire (D:9)
  8 wraiths
  A hog (D:14)
  A human (shapeshifter) (D:13)
  14 wyverns
  4 basilisks
  A fire elemental (D:13)
  58 yaks
  Eustachio (D:5)
  6 vampire mosquitoes
  29 nagas
  A redback (Lair:5)
  A warg (Orc:1)
  27 water moccasins
  2 acid dragons
  3 hell hounds (D:12)
  29 orc warriors
  3 swamp drakes
  2 black bears (D:6)
  An ice beast (D:5)
  A sky beast (D:6)
  4 ogres
  14 wolves
  16 centaurs
  2 phantoms (D:5)
  10 kobold brigands
  17 bullfrogs
  2 gnoll sergeants
  A two-headed ogre simulacrum (IceCv)
  5 scorpions (D:5)
  A cane toad simulacrum (IceCv)
  8 wights
  3 killer bees (D:9)
  3 elephant simulacra (IceCv)
  5 howler monkeys
  3 electric eels
  15 orc priests
  4 hounds
  2 sleepcaps
  2 jellies
  7 iguanas
  19 orc wizards
  4 polar bear simulacra (IceCv)
  A wolf simulacrum (IceCv)
  7 gnolls
  5 adders
  3 naga simulacra (IceCv)
  13 white imps
  An ufetubus (D:4)
  5 worms
  2 dart slugs
  64 orcs
  5 bats
  6 endoplasms
  9 giant cockroaches
  7 goblins
  8 hobgoblins
  3 quokkas
  5 ball pythons
  2 frilled lizards
  34 kobolds
  6 rats
  2 tentacles (Shoals:1)
867 creatures vanquished.

Vanquished Creatures (collateral kills)
  2 naga warriors (Snake:4)
  A naga sharpshooter (Snake:4)
  4 ugly things (D:14)
  A naga mage (Snake:4)
  2 nagas (Snake:4)
  An orc wizard (D:13)
11 creatures vanquished.

Vanquished Creatures (others)
  An anaconda (Snake:1)
  A salamander mystic (Snake:4)
  2 ugly things (D:14)
  4 black mambas
  A torpor snail (Lair:5)
  A cane toad (Lair:5)
  A komodo dragon (Lair:5)
  A yak (Lair:5)
  A wyvern (Lair:5)
  2 nagas (Snake:2)
  3 water moccasins
  A floating eye (shapeshifter) (D:15)
  An orc warrior (Bailey)
  3 orc wizards (Orc:2)
  10 spectral weapons
  26 tentacles (Shoals:1)
59 creatures vanquished.

Grand Total: 937 creatures vanquished

Notes
Turn   | Place    | Note
-------+----------+-------------------------------------------
     0 | D:1      | Armakuni the Human Wanderer began the quest for the Orb.
     0 | D:1      | Armakuni set off with the following items: a +0 club, a
                  | potion of might, a piece from Xom's chessboard (15/15), a
                  | +0 leather armour, 2 scrolls of blinking; and the following
                  | spell memorised: Necrotise; and the following spells
                  | available to memorise: Vampiric Draining.
     0 | D:1      | Reached XP level 1. HP: 13/13 MP: 3/3
    62 | D:1      | Reached XP level 2. HP: 11/20 MP: 5/5
   145 | D:1      | Reached skill level 1 in Fighting
   145 | D:1      | Reached skill level 1 in Maces & Flails
   262 | D:1      | Found a faded altar of an unknown god.
   474 | D:1      | Reached XP level 3. HP: 24/26 MP: 6/6
  1271 | D:2      | Reached XP level 4. HP: 33/33 MP: 7/7
  1325 | D:2      | Found a shimmering blue altar of Sif Muna.
  1828 | D:3      | Learned a level 2 spell: Searing Ray
  1905 | D:3      | Reached XP level 5. HP: 13/40 MP: 5/8
  2667 | D:4      | Reached XP level 6. HP: 47/47 MP: 9/9
  2686 | D:4      | Found a staircase to the Ecumenical Temple.
  2696 | Temple   | Entered the Ecumenical Temple
  2808 | Temple   | Became a worshipper of Elyvilon the Healer
  3073 | D:4      | Noticed an ogre
  3250 | D:5      | Entered Level 5 of the Dungeon
  3450 | D:5      | Noticed Grinder
  3465 | D:4      | Killed an ogre
  3466 | D:4      | Reached XP level 7. HP: 26/55 MP: 10/10
  3746 | D:5      | Reached skill level 5 in Fighting
  3746 | D:5      | Reached skill level 5 in Maces & Flails
  3757 | D:5      | Killed Grinder
  3758 | D:5      | Reached XP level 8. HP: 55/62 MP: 11/11
  3893 | D:5      | Reached * piety under Elyvilon
  4105 | D:5      | Noticed Eustachio
  4113 | D:5      | Killed Eustachio
  4348 | D:5      | Reached skill level 1 in Invocations
  4359 | D:6      | Reached XP level 9. HP: 64/68 MP: 12/12
  4463 | D:6      | Found a glowing drain.
  4475 | Sewer    | Entered a sewer
  4583 | Sewer    | Identified a scroll of acquirement
  4583 | Sewer    | Acquired 721 gold pieces
  4777 | D:6      | Reached ** piety under Elyvilon
  4878 | D:6      | Reached skill level 5 in Invocations
  5281 | D:6      | Reached *** piety under Elyvilon
  5582 | D:7      | Reached **** piety under Elyvilon
  5619 | D:7      | Found a flagged portal.
  5645 | Bailey   | Entered a bailey
  5678 | Bailey   | Reached XP level 10. HP: 39/74 MP: 16/16
  5823 | Bailey   | Reached skill level 10 in Invocations
  5848 | Bailey   | Found an iron altar of Okawaru.
  7596 | D:8      | Reached XP level 11. HP: 62/79 MP: 17/20
  7604 | D:8      | Reached skill level 10 in Maces & Flails
  7765 | D:8      | Noticed Gastronok
  7774 | D:8      | Killed Gastronok
  8041 | D:9      | Found a hazy altar of Hepliaklqana.
  8042 | D:9      | Found a basalt altar of Yredelemnul.
  8042 | D:9      | Found a shadowy altar of Dithmenos.
  8256 | D:9      | Found a staircase to the Orcish Mines.
  8323 | D:9      | Reached skill level 1 in Armour
  8323 | D:9      | Reached skill level 1 in Dodging
  8696 | D:9      | Noticed a two-headed ogre
  8699 | D:9      | Pacified a two-headed ogre
  9295 | D:9      | Noticed a necromancer
  9295 | D:9      | Noticed a wizard
  9295 | D:9      | Noticed a centaur warrior
  9295 | D:9      | Noticed a death knight
  9296 | D:9      | Pacified a wizard
  9338 | D:8      | Killed a necromancer
  9363 | D:10     | Entered Level 10 of the Dungeon
  9524 | D:10     | Reached XP level 12. HP: 89/89 MP: 21/21
  9720 | D:10     | Noticed a two-headed ogre
  9725 | D:10     | Pacified a two-headed ogre
  9758 | D:10     | Found Noorr's Antique Weapon Emporium.
  9928 | D:10     | Found a staircase to the Lair.
  9982 | Lair:1   | Entered Level 1 of the Lair of Beasts
 11958 | Lair:1   | Reached XP level 13. HP: 76/98 MP: 19/22
 12179 | Lair:2   | You fall into a shaft and drop 1 floor!
 12250 | Lair:3   | Noticed an eight-headed hydra
 12251 | Lair:3   | Pacified an eight-headed hydra
 12494 | Lair:3   | Found a staircase to the Snake Pit.
 13224 | Lair:2   | Found a staircase to the Shoals.
 13940 | Lair:2   | Noticed a six-headed hydra
 13946 | Lair:2   | Pacified a six-headed hydra
 13954 | Lair:2   | Reached skill level 10 in Fighting
 15048 | Lair:4   | Found a staircase to the Slime Pits.
 15049 | Lair:4   | Found a viscous altar of Jiyva.
 15319 | Lair:4   | Noticed an anaconda
 15319 | Lair:4   | Noticed an anaconda
 15325 | Lair:4   | Pacified an anaconda
 15326 | Lair:4   | Reached skill level 15 in Invocations
 15327 | Lair:4   | Pacified an anaconda
 15694 | Lair:4   | Found a transporter.
 15696 | Lair:4   | Found a transporter.
 15697 | Lair:4   | Noticed sanka's ghost (journeyman DgCj)
 16291 | Lair:5   | Entered Level 5 of the Lair of Beasts
 16291 | Lair:5   | Noticed a seven-headed hydra
 16380 | Lair:5   | Reached skill level 5 in Dodging
 16399 | Lair:5   | Reached XP level 14. HP: 62/110 MP: 17/25
 18299 | Lair:5   | Reached skill level 10 in Dodging
 18775 | Lair:5   | Reached skill level 5 in Armour
 20302 | Lair:5   | Learned a level 2 spell: Wereblood
 20642 | Lair:5   | Reached XP level 15. HP: 90/115 MP: 26/26
 21741 | Orc:1    | Entered Level 1 of the Orcish Mines
 21741 | Orc:1    | Found a frozen archway.
 22087 | IceCv    | Entered an ice cave
 22959 | Orc:2    | Entered Level 2 of the Orcish Mines
 23128 | Orc:1    | Found Soanehos's Distillery.
 23136 | Orc:1    | Bought a potion of heal wounds for 60 gold pieces
 23136 | Orc:1    | Bought a potion of degeneration for 12 gold pieces
 23136 | Orc:1    | Bought a potion of enlightenment for 60 gold pieces
 23136 | Orc:1    | Bought a potion of ambrosia for 96 gold pieces
 23813 | Orc:1    | Found a runed translucent door.
 23816 | Orc:1    | Noticed a balrug
 24844 | Orc:2    | Reached skill level 1 in Throwing
 25279 | Orc:1    | Bought a potion of mutation for 96 gold pieces
 25579 | Orc:2    | Found a staircase to the Elven Halls.
 25868 | Orc:2    | Reached skill level 5 in Throwing
 26052 | Orc:2    | Found Sotomyl's Weapon Shop.
 26052 | Orc:2    | Found Heeximar's Weapon Emporium.
 26060 | Orc:2    | Paralysed by an orc sorcerer for 2 turns
 26068 | Orc:2    | Found Cycoosm's Armour Shop.
 26068 | Orc:2    | Found Vadin's Jewellery Emporium.
 26079 | Orc:2    | Bought a +2 spectral quarterstaff for 264 gold pieces
 26197 | Orc:2    | Bought a +2 hat for 192 gold pieces
 26218 | Orc:2    | Bought the amulet "Cotigh" {Reflect rF+ Dex+7 SH+5} for 880
                  | gold pieces
 26414 | Snake:1  | Entered Level 1 of the Snake Pit
 26480 | Snake:1  | Noticed tobedeleted's ghost (adept MiFi)
 26481 | Snake:1  | Found a runed translucent door.
 26495 | Snake:1  | Noticed Agnes
 26510 | Snake:1  | Killed Agnes
 26511 | Snake:1  | Reached skill level 1 in Staves
 26874 | Snake:1  | Noticed Aizul
 26884 | Snake:2  | Found a transporter.
 27093 | Snake:2  | Noticed t4s4d4r's ghost (adept DEEE)
 28791 | D:11     | Noticed Nergalle
 29017 | D:11     | Killed Nergalle
 29448 | D:11     | Reached skill level 5 in Staves
 30012 | D:11     | Reached XP level 16. HP: 45/122 MP: 24/27
 30406 | D:11     | Noticed Maurice
 30409 | D:11     | Maurice changed into Maurice the swamp drake
 30409 | D:11     | Noticed Maurice
 30416 | D:11     | Killed Maurice the swamp drake
 30971 | D:12     | Found a portal to a secret trove of treasure.
 31139 | D:13     | Noticed Azrael
 31171 | D:12     | Killed Azrael
 31401 | D:13     | Found a transporter.
 31436 | D:13     | Identified the +4 ring mail of the Beggar {rC+ Dex+4 SInv}
 31473 | D:13     | Noticed Papox's ghost (journeyman DsEE)
 31478 | D:13     | Found a transporter.
 31994 | D:13     | Paralysed by an orc sorcerer for 4 turns
 32237 | D:13     | Found a gate to the Vaults.
 32837 | D:14     | Noticed Josephine
 32850 | D:14     | Killed Josephine
 33057 | D:14     | Found an iron altar of Okawaru.
 33103 | D:14     | Found an ornate altar of the Wu Jian Council.
 33144 | D:14     | Noticed Kirke
 33152 | D:14     | Killed Kirke
 33242 | D:14     | Reached skill level 10 in Throwing
 33360 | D:14     | Identified the +0 chain mail "Viwuk" {rC+++ Str+4 Dex-2
                  | Stlth+}
 33578 | D:15     | Entered Level 15 of the Dungeon
 34107 | D:15     | Found a staircase to the Depths.
 34629 | D:15     | Reached XP level 17. HP: 105/128 MP: 28/28
 35797 | Snake:1  | Reached skill level 10 in Staves
 36146 | Snake:1  | Killed Aizul
 36495 | Snake:2  | Identified the +3 flail of Sharkskin {heavy, Fly rCorr}
 37328 | Snake:2  | Identified the +2 hand axe of Fragile Peace {pain, rC+}
 37393 | Snake:2  | Learned a level 2 spell: Blink
 37555 | Snake:2  | Found a transporter.
 39789 | Snake:3  | Reached XP level 18. HP: 128/134 MP: 29/29
 40673 | Snake:3  | Learned a level 2 spell: Lesser Beckoning
 40674 | Snake:4  | Entered Level 4 of the Snake Pit
 40712 | Snake:4  | Reached skill level 1 in Translocations
 40725 | Snake:4  | Reached skill level 15 in Throwing
 41007 | Snake:4  | Found Bykell's Armour Boutique.
 41574 | Snake:4  | Reached skill level 5 in Translocations
 41811 | Snake:4  | Found a runed translucent gate.
 41811 | Snake:4  | Found a runed translucent gate.
 41811 | Snake:4  | Found a runed translucent gate.
 41991 | Snake:4  | HP: 5/134 [naga mage/bolt of poison (17)]
 42566 | Snake:4  | Got a serpentine rune of Zot
 42972 | Snake:4  | Noticed initializr's ghost (adept DrIE)
 42972 | Snake:4  | Noticed Unotosimoa's ghost (adept GrFi)
 43450 | Shoals:1 | Entered Level 1 of the Shoals
 43481 | Shoals:1 | Noticed a kraken
 44238 | Shoals:1 | Reached skill level 10 in Translocations
 44555 | Shoals:1 | Reached skill level 10 in Armour
 44686 | Shoals:1 | Slain by a tentacle

Illustrated notes

Levels and vault maps discovered:
D:1:      ebering_trefoil_twist, layout_loops_ring,
          shapermc_ecumenical_altar_flowoftime
D:2:      layout_loops_ring, basic_altar
D:3:      layout_loops_ring, nicolae_figureground_pulse
D:4:      layout_cave_pools, minmay_temple_entry_fiery, hangedman_decor_riveting
D:5:      layout_basic, minmay_crossroads, uniq_eustachio, uniq_grinder
D:6:      layout_cave_pools, gup_sewer_entry_pipe
D:7:      layout_cave_pools, enter_bailey_4
D:8:      layout_loops_cross, centaur_isle, uniq_gastronok
D:9:      layout_long_grid, chequers_temple_overflow_statue_of_worship,
          david_orc_5, minivault_25_ag, chequers_serial_rivers_small_3
D:10:     layout_basic, dpeg_oklobed_lair, serial_shops, shop
D:11:     minmay_statue_hallways, layout_stronghold,
          minmay_fractal_squares_gapless_7, uniq_nergalle, uniq_maurice
D:12:     layout_cave_pools, nicolae_trove_entry_path_of_doom,
          minmay_sticks_and_stones
D:13:     layout_rooms, grunt_vaults_entry_fortified, nzn_ghost_randoct,
          uniq_azrael
D:14:     layout_gridville, okawaru_gym_becter, nicolae_wu_jian_wuxing_cycle,
          uniq_josephine, uniq_kirke
D:15:     gammafunk_enter_depths_forms, layout_irregular_city,
          minmay_door_square
Temple:   compressed_dpeg_triangle_lava_temple
Lair:1:   layout_small_grid
Lair:2:   layout_gridlike, elwin_shoals_entry_rooms
Lair:3:   layout_regular_city, minmay_snake_entry_six_corridors,
          bh_autumn_forest_stairs
Lair:4:   beast_lair_carwin_large_2, layout_misc_corridors,
          nicolae_slime_entry_field_trip, gammafunk_ghost_hive
Lair:5:   hangedman_lair_tendril_chambers, layout_regular_city,
          guppyfry_lair_end_dragon
Shoals:1: layout_shoals
Snake:1:  layout_layer_cave, hellmonk_ghost_happy_afterlife,
          serial_bayou_shore_a, uniq_aizul, uniq_agnes
Snake:2:  layout_rooms, gammafunk_ghost_arena
Snake:3:  nrook_guardian_serpent_snake_passage, layout_chambers,
          grunt_megastairs_1
Snake:4:  snake_pit, layout_layer_cave, gammafunk_ghost_cemetery, serial_shops,
          shop
Orc:1:    dreamdust_dug_too_deep, layout_caves, portal_ice_cave_entry_imps,
          serial_shops, nicolae_shop_rolling_square
Orc:2:    grunt_orc_tribal_feast, layout_caves

Skill      XL: |  1  2  3  4  5  6  7  8  9 10 11 12 13 14 15 16 17 18 |
---------------+-------------------------------------------------------+-----
Fighting       | 1 2 3 4 5 6 8 10 | 10.0
Maces & Flails | 1 2 3 4 6 8 9 12 14 | 14.0
Invocations    | 2 9 12 15 | 15.0
Armour         | 3 7 9 10 | 10.0
Dodging        | 3 5 10 | 10.0
Throwing       | 7 11 14 15 | 15.0
Staves         | 5 9 11 | 11.0
Translocations | 10 | 10.0
Unarmed Combat | |  4.0
Spellcasting   | |  2.0
Necromancy     | |  3.0
Evocations     | |  1.0

Action                     |  1- 3 |  4- 6 |  7- 9 | 10-12 | 13-15 | 16-18 || total
---------------------------+-------+-------+-------+-------+-------+-------++-------
  Melee: Club              |    19 |       |       |       |       |       ||    19
         Short sword       |    66 |   113 |       |       |       |       ||   179
         Punch             |       |     3 |     6 |    23 |    64 |     4 ||   100
         Flail             |       |     7 |   276 |   603 |  1493 |    51 ||  2430
         Quarterstaff      |       |       |       |       |   182 |  1118 ||  1300
         Unarmed           |       |       |       |       |    74 |       ||    74
  Throw: Dart              |       |     6 |    14 |     9 |     6 |       ||    35
         Boomerang         |       |       |       |       |     4 |   345 ||   349
         Javelin           |       |       |       |       |       |    11 ||    11
   Cast: Necrotise         |     2 |     5 |       |       |       |       ||     7
         Lesser Beckoning  |       |       |       |       |       |     3 ||     3
 Invoke: Heal Self         |       |       |       |    20 |    25 |    24 ||    69
         Purification      |       |       |       |     4 |    12 |     7 ||    23
         Heal Other        |       |       |       |     8 |    25 |    12 ||    45
  Evoke: Piece from Xom's  |       |    10 |     1 |    17 |    22 |     2 ||    52
         Wand              |       |       |       |    16 |     5 |    14 ||    35
         Phantom mirror    |       |       |       |       |     1 |     3 ||     4
    Use: Scroll            |     3 |    10 |     3 |     6 |    16 |    14 ||    52
         Potion            |     1 |     3 |     1 |     3 |    10 |    10 ||    28
   Stab: Sleeping          |       |     1 |       |       |       |       ||     1
         Petrified         |       |       |       |     9 |     8 |       ||    17
         Invisible         |       |       |       |       |     8 |       ||     8
         Confused          |       |       |       |       |     1 |     2 ||     3
         Petrifying        |       |       |       |       |     1 |       ||     1
         Distracted        |       |       |       |       |     1 |    27 ||    28
 Armour: Leather armour    |    30 |    33 |       |       |       |       ||    63
         Ring mail         |       |    16 |   193 |   278 |   384 |   292 ||  1163
         Swamp dragon scal |       |       |       |       |   298 |    25 ||   323
  Dodge: Dodged            |    57 |    67 |   171 |   319 |  1016 |   837 ||  2467
  Block: Other             |       |       |       |       |    64 |   210 ||   274
         Reflection        |       |       |       |       |       |    20 ||    20

Table legend: (Time is in decaauts)
 A = Elapsed time spent in this place.
 B = Non-inter-level travel time spent in this place.
 C = Inter-level travel time spent in this place.
 D = Time resting spent in this place.
 E = Time spent auto-exploring this place.
 F = Levels seen in this place.
 G = Mean time per level.
                   A        B        C        D        E       F      G
               +--------+--------+--------+--------+--------+-----+--------+
         Total |  43904 |  42282 |   1622 |  10578 |  23057 |  31 | 1416.3 |
       Dungeon |  17533 |  16810 |    723 |   2619 |  10505 |  15 | 1168.9 |
        Temple |    127 |    113 |     14 |      0 |     91 |   1 |  127.0 |
          Lair |  11366 |  10784 |    582 |   2539 |   6212 |   5 | 2273.2 |
        Shoals |   1046 |   1046 |      0 |    395 |    362 |   1 | 1046.0 |
     Snake Pit |   8971 |   8791 |    180 |   3116 |   4238 |   4 | 2242.8 |
  Orcish Mines |   3746 |   3626 |    120 |   1658 |   1205 |   2 | 1873.0 |
         Sewer |    350 |    350 |      0 |      0 |    186 |   1 |  350.0 |
        Bailey |    393 |    393 |      0 |     20 |    217 |   1 |  393.0 |
      Ice Cave |    368 |    368 |      0 |    229 |     39 |   1 |  368.0 |
               +--------+--------+--------+--------+--------+-----+--------+

Top non-repeatable levels by time:
  Lair:5: 3360 daAuts
 Snake:3: 3054 daAuts
 Snake:1: 2890 daAuts
  Lair:4: 2535 daAuts
    D:11: 2307 daAuts
   Orc:1: 2189 daAuts
 Snake:4: 2099 daAuts
  Lair:2: 1845 daAuts
  Lair:3: 1837 daAuts
  Lair:1: 1787 daAuts
     D:9: 1734 daAuts
     D:8: 1587 daAuts
   Orc:2: 1557 daAuts
    D:15: 1337 daAuts
    D:14: 1261 daAuts
